 Dungeon Crawl Stone Soup version 0.26-a0-597-gb535b0901c (webtiles) character file.

Game seed: 1983163314727192167

9 Lanoc the Grasshopper (level 2, -3/25 HPs)
             Began as a Draconian Warper on Sept 5, 2020.
             Splashed by a jelly's acid (5 damage)
             ... on level 4 of the Dungeon.
             The game lasted 00:01:17 (458 turns).

Lanoc the Grasshopper (Draconian Warper)             Turns: 458, Time: 00:01:18

Health: -3/25      AC:  5    Str: 15    XL:     2   Next: 6%
Magic:  5/5        EV: 12    Int: 13    God:
Gold:   23         SH:  0    Dex: 10    Spells: 3/5 levels left

rFire    . . .     SeeInvis .   h - +1 hand axe of War {vorpal, Str+2}
rCold    . . .     Faith    .   (no shield)
rNeg     . . .     Spirit   .   (armour unavailable)
rPois    .         Reflect  .   f - +1 hat
rElec    .         Harm     .   (no cloak)
rCorr    .                      (no gloves)
MR       .....                  (no boots)
Stlth    +.........             (no amulet)
HPRegen  0.08/turn              (no ring)
MPRegen  0.09/turn              (no ring)

@: brilliant, lethally poisoned (-3 -> -7)
A: unfitting armour, cold-blooded, AC +4
a: no special abilities


You were on level 4 of the Dungeon.
You visited 1 branch of the dungeon, and saw 4 of its levels.

You collected 23 gold pieces.

Inventory:

Hand Weapons
 a - a +0 falchion
 h - the +1 hand axe of War (weapon) {vorpal, Str+2}
   (You found it on level 4 of the Dungeon)

   It inflicts extra damage upon your enemies.
   It affects your strength (+2).
Missiles
 d - 5 boomerangs of dispersal (quivered)
Armour
 f - a +1 hat (worn)
Scrolls
 b - a scroll of fear {unknown}
 c - a scroll of blinking
 e - a scroll of noise {unknown}
 g - a scroll of random uselessness {unknown}


   Skills:
 + Level 2.7 Fighting
 - Level 2.0 Long Blades
 - Level 0.8 Throwing
 + Level 2.4 Dodging
 - Level 2.0 Spellcasting
 * Level 3.0 Translocations


You had 3 spell levels left.
You knew the following spells:

 Your Spells              Type           Power        Failure   Level
a - Blink                 Tloc           N/A          11%         2

Your spell library contained the following spells:

 Spells                   Type           Power        Failure   Level
 Gell's Gravitas          Tloc           ##........   22%         3
 Lesser Beckoning         Tloc           ##........   22%         3
 Teleport Other           Tloc           ##......     22%         3
 Passage of Golubria      Tloc           N/A          58%         4


Dungeon Overview and Level Annotations

Branches:
Dungeon (4/15)
 Temple: D:4-7

Altars:
Vehumet


Innate Abilities, Weirdness & Mutations

Your plain brown scales are hard. (AC +4)
You cannot fit into any form of body armour.
You are cold-blooded and may be slowed by cold attacks.


Message History

* * * LOW HITPOINT WARNING * * *
You feel sick.
Found an ichor-stained ring mail.
The bullfrog skeleton barely misses you.
The adder barely misses you.
Found a hand axe.
* * * LOW HITPOINT WARNING * * *
You feel sick. The bullfrog skeleton hits you.
* * * LOW HITPOINT WARNING * * *
The jelly hits you but does no damage.
Found an escape hatch in the ceiling.
You see here an ichor-stained hand axe.
You feel stronger.
h - the +1 hand axe of War (weapon)
{vorpal, Str+2} The bullfrog skeleton closely misses you.
The adder bites you but does no damage.
You hit the adder but do no damage.
The adder is heavily wounded.
You hit the jelly.
Your hands burn!
You die...

#.......S#
######...# #...#
#...######
#....Sa..######
###...####S.....#
.........[a...##.#
........JS.....#
.........@Z........
###.......##..#...#
#.#............?..
#.#.$.#)######....
#...#.# ....
#...#.# ... ..#
#..# <.#


You could see a jelly, a worker ant, 2 adders and a bullfrog skeleton.

Vanquished Creatures
  A ball python (D:2)
  A bat (D:2)
  3 goblins (D:2)
  A kobold (D:2)
  A quokka (D:2)
7 creatures vanquished.

Vanquished Creatures (others)
  A bat (D:2)
1 creature vanquished.

Grand Total: 8 creatures vanquished

Notes
Turn   | Place    | Note
-------+----------+-------------------------------------------
     0 | D:1      | Lanoc the Draconian Warper began the quest for the Orb.
     0 | D:1      | Reached XP level 1. HP: 17/17 MP: 3/3
   107 | D:3      | Noticed an orc wizard
   248 | D:2      | Found a radiant altar of Vehumet.
   302 | D:2      | Reached XP level 2. HP: 23/25 MP: 5/5
   335 | D:2      | Learned a level 2 spell: Blink
   415 | D:3      | Noticed an ogre
   457 | D:4      | Got an ichor-stained hand axe
   457 | D:4      | Identified the +1 hand axe of War {vorpal, Str+2} (You
                  | found it on level 4 of the Dungeon)
   458 | D:4      | Splashed by a jelly's acid

Illustrated notes

Levels and vault maps discovered:
D:1:      sevenhm_arrival_forest_fort_small_5, layout_loops_ring
D:2:      layout_basic, nicolae_ru_the_path_less_chosen, fiery_altar_vehumet,
          grunt_temple_overflow_open, lemuel_zombie_altar_yredelemnul,
          nrook_uturn
D:3:      layout_rooms, amethyst_overflow_temple_binary, serial_glass,
          glass_columns_c, glass_columns_c, glass_columns_b, glass_columns_a,
          glass_columns_a, glass_columns_c, glass_columns_a, glass_columns_b,
          glass_columns_a, glass_columns_b, glass_columns_b, glass_columns_b,
          glass_columns_c, glass_columns_c, due_unseen_surprise,
          kennysheep_generic_room_11
D:4:      layout_loops_cross, old_standard_altar, minmay_manual_moon

Action                   || total
-------------------------++-------
Melee: Falchion          ||    35
       Tailslap          ||     2
       Hand axe          ||     1
  Use: Potion            ||     1
Armor: Skin              ||    23
Dodge: Dodged            ||    44
       Rpst.: Falchion   ||    10

Table legend: (Time is in decaauts)
 A = Elapsed time spent in this place.
 B = Non-inter-level travel time spent in this place.
 C = Inter-level travel time spent in this place.
 D = Time resting spent in this place.
 E = Time spent auto-exploring this place.
 F = Levels seen in this place.
 G = Mean time per level.
                   A        B        C        D        E       F      G
               +--------+--------+--------+--------+--------+-----+--------+
         Total |    464 |    464 |      0 |      0 |    322 |   4 |  116.0 |
       Dungeon |    464 |    464 |      0 |      0 |    322 |   4 |  116.0 |
               +--------+--------+--------+--------+--------+-----+--------+

Top non-repeatable levels by time:
     D:2: 325 daAuts
     D:1: 85 daAuts
     D:4: 35 daAuts
     D:3: 19 daAuts
